 Dungeon Crawl Stone Soup version 0.29.1-2-gbd0b4ee654 (webtiles) character file.

Game seed: 3057795087804250451

247 GigaChad the Covered (level 5, -2/47 HPs)
             Began as a Minotaur Fighter on Nov 21, 2022.
             Slain by a kobold brigand
             ... wielding a +0 dagger
              (6 damage)
             ... in a sewer.
             The game lasted 00:04:01 (2532 turns).

GigaChad the Covered (Minotaur Fighter)             Turns: 2532, Time: 00:04:02

Health: -2/47      AC:  7    Str: 22    XL:     5   Next: 85%
Magic:  4/4        EV:  9    Int:  5    God:
Gold:   187        SH:  4    Dex: 10    Spells: 4/4 levels left

rFire   . . .      SeeInvis .   a - +0 war axe
rCold   . . .      Faith    .   c - +0 buckler
rNeg    . . .      Spirit   .   b - +0 scale mail
rPois   .          Reflect  .   (helmet restricted)
rElec   .          Harm     .   (no cloak)
rCorr   .          Rampage  .   (no gloves)
Will    .....                   (no boots)
Stlth   ..........              (no amulet)
HPRegen 0.15/turn               (no ring)
MPRegen 0.09/turn               (no ring)

@: no status effects
A: horns 2, retaliatory headbutt
a: no special abilities


You were in a sewer.
You visited 1 branch of the dungeon, and saw 3 of its levels.
You also visited: Sewer.

You collected 187 gold pieces.

Inventory:

Hand Weapons
 a - a +0 war axe (weapon)
Armour
 b - a +0 scale mail (worn)
 c - a +0 buckler (worn)
Jewellery
 g - a ring of see invisible
 h - an amulet of faith
Wands
 k - a wand of flame (9)
Scrolls
 e - a scroll of enchant armour {unknown}
 i - 2 scrolls of identify {unknown}
Potions
 d - 2 potions of might
 f - a potion of magic {unknown}
 j - a potion of lignification {unknown}
 l - a potion of brilliance {unknown}


   Skills:
 + Level 4.4 Fighting
 + Level 4.7 Axes
 + Level 5.2 Armour
 + Level 1.2 Dodging
 + Level 0.3 Stealth
 + Level 4.6 Shields


You had 4 spell levels left.
You didn't know any spells.
Your spell library contained the following spells:

 Spells                   Type           Power      Damage    Failure   Level
 Static Discharge         Conj/Air       0%         3-3/arc   95%         2
 Stone Arrow              Conj/Erth      0%         3d7       99%         3
 Animate Armour           Summ/Erth      0%         N/A       100%        4
 Dispel Undead            Necr           0%         3d6       100%        4
 Sticky Flame             Conj/Fire      0%         2d3       100%        4
 Lehudib's Crystal Spear  Conj/Erth      0%         10d2      100%        8


Dungeon Overview and Level Annotations

Branches:
Dungeon (3/15)              Sewer (1/1)

Altars:


Innate Abilities, Weirdness & Mutations

You have a pair of horns on your head.
You reflexively headbutt those who attack you in melee.


Message History

The poisoned dart hits you!
You are more poisoned.
The kobold hits you but does no damage.
You barely miss the kobold brigand. You closely miss the kobold.
You feel very sick. You block the kobold's attack.
The kobold brigand barely misses you.
You feel very sick. The kobold closely misses you.
The kobold brigand hits you but does no damage.
The kobold brigand closely misses you. The kobold hits you but does no damage.
The kobold brigand hits you but does no damage.
Your unstable footing causes you to fumble your attack.
You feel sick.
The kobold brigand hits you with a +0 whip!
The kobold brigand hits you but does no damage.
The kobold completely misses you. You block the kobold brigand's attack.
You barely miss the kobold.
The kobold is severely wounded.
You hit the kobold brigand. You closely miss the kobold brigand.
You feel sick.
The kobold brigand hits you with a +0 dagger.
The kobold closely misses you.
The kobold brigand hits you with a +0 whip.
You slash the kobold!
You kill the kobold!
You barely miss the kobold brigand. You closely miss the kobold brigand.
You feel sick. You block the kobold brigand's attack.
The kobold brigand hits you but does no damage.
You feel sick. The kobold brigand barely misses you.
The kobold brigand hits you with a +0 whip.
* * * LOW HITPOINT WARNING * * *
The kobold brigand hits you with a +0 dagger.
* * * LOW HITPOINT WARNING * * *
The kobold brigand hits you with a +0 whip.
* * * LOW HITPOINT WARNING * * *
Things that are here:
a +0 dagger; 3 poisoned darts; a kobold corpse You closely miss the kobold brigand. x2; You feel sick.
You are no longer poisoned.
The kobold brigand hits you with a +0 dagger.
You die...

#######
#####.....### .
#≈≈≈.....~~.#~.PP
###≈≈≈....K@K~~~.~P.
#≈≈≈≈...#~#~.....~.P
##≈≈≈.∩.#~#.~...~~~.
#≈≈≈≈.∩.#~#....#####
#≈≈≈....#~###.~~~
######..#~# #.###
~PP#~# ~. #P## .~~
.P#


You could see 2 kobold brigands.

Vanquished Creatures
  2 orc priests (D:3)
  Natasha (thrice) (D:2)
  3 adders (D:3)
  A river rat (D:3)
  A worm (D:3)
  4 dart slugs
  6 orcs (D:3)
  6 bats
  9 endoplasms
  2 giant cockroaches
  3 goblins
  2 hobgoblins (D:1)
  2 quokkas (D:1)
  6 ball pythons
  9 frilled lizards
  4 kobolds
  4 rats
67 creatures vanquished.

Vanquished Creatures (others)
  2 plants (Sewer)
2 creatures vanquished.

Grand Total: 69 creatures vanquished

Notes
Turn   | Place    | Note
-------+----------+-------------------------------------------
     0 | D:1      | GigaChad the Minotaur Fighter began the quest for the Orb.
     0 | D:1      | Reached XP level 1. HP: 19/19 MP: 0/0
   161 | D:1      | Reached XP level 2. HP: 27/27 MP: 1/1
   339 | D:1      | Reached skill level 4 in Armour
   600 | D:1      | Found a faded altar of an unknown god.
   713 | D:1      | Reached XP level 3. HP: 33/33 MP: 2/2
  1346 | D:2      | Noticed Natasha
  1352 | D:2      | Killed Natasha
  1566 | D:2      | Noticed Natasha
  1575 | D:2      | Killed Natasha
  1576 | D:2      | Reached XP level 4. HP: 28/40 MP: 3/3
  1695 | D:2      | Noticed Natasha
  1701 | D:2      | Killed Natasha
  1990 | D:3      | Reached XP level 5. HP: 46/47 MP: 4/4
  2241 | D:3      | Reached skill level 5 in Armour
  2283 | D:3      | Reached skill level 1 in Dodging
  2475 | D:3      | Found a glowing drain.
  2496 | Sewer    | Entered a sewer
  2532 | Sewer    | Slain by a kobold brigand

Illustrated notes

Levels and vault maps discovered:
D:1:      matt_arrival_spirals, layout_loops_ring, basic_ecumenical_altar,
          minmay_stone_trees_medium
D:2:      layout_loops_ring, uniq_natasha
D:3:      layout_basic, zin_purify, nzn_hepliaklqana_mist_gate, minitemple,
          portal_sewer_entry_b, minmay_misc_feat_tower
Sewer:    sewer_co_scattered_pipes

Skill      XL: |  1  2  3  4  5 |
---------------+----------------+-----
Armour         | 4 5 |  5.2
Shields        | 4 |  4.6
Fighting       | 4 |  4.4
Axes           | 3 4 |  4.7
Dodging        | 1 |  1.2
Stealth        | |  0.3

Action                   |  1- 3 |  4- 6 || total
-------------------------+-------+-------++-------
Melee: War axe           |    68 |    64 ||   132
       Headbutt          |     8 |    11 ||    19
Armor: Scale mail        |    31 |    50 ||    81
Dodge: Dodged            |    25 |    45 ||    70
Block: Buckler           |    15 |    16 ||    31
